cohdb
Replays
Latest Replays
All Replays
Popular Replays
Top Player Replays
Match Explorer
How It Works
Community
CoH3 Stats
Reddit
Sign in to upload your games and track your stats! →
Sign in with Steam
Match 47082938
Unlisted
Match 47082938
Overview
Messages
Build Orders
End
Construct Infanterie Kompanie
Selects Mechanized Battlegroup
Grenadier Squad
MG 42 Machine Gun Team
Grenadier Squad
GrW 34 Mortar Team
Medical Station
Construct Luftwaffe Kompanie
221 Scout Car
Selects Mobile Repair Stations
Jäger Squad
-AL- Nimahfrosch
I AM NOOB
Be Frabjous
MC
0
0
Comments
sign in to comment!
No comments posted yet!